 Dungeon Crawl Stone Soup version 0.19.1 (webtiles) character file.

1466 Firecrotchwizard the Skirmisher (level 8, -1/53 HPs)
             Began as a Gargoyle Fighter on Nov 27, 2016.
             Was a Priest of Okawaru.
             Slain by an orc (2 damage)
             ... on level 6 of the Dungeon on Nov 28, 2016.
             The game lasted 00:15:42 (5904 turns).

Firecrotchwizard the Skirmisher (Gargoyle Fighter)  Turns: 5904, Time: 00:15:42

Health: -1/53      AC: 18    Str: 21    XL:     8   Next: 77%
Magic:  8/8        EV:  6    Int:  9    God:    Okawaru [***...]
Gold:   284        SH: 11    Dex: 10    Spells: 0 memorised, 7 levels left

rFire  x . .     SeeInvis .     D - +1 whip (flame)
rCold  + . .     Gourm    .     x - +0 chain mail
rNeg   + . .     Faith    .     c - +1 shield
rPois  ∞         Spirit   .     (no helmet)
rElec  +         Reflect  .     B - +1 cloak
rCorr  .         Harm     .     o - +0 pair of gloves
MR     .....                    (no boots)
Stlth  ..........               (no amulet)
                                (no ring)
                                y - ring of ice

@: no status effects
A: negative energy resistance 1, electricity resistance, unbreathing,
petrification resistance, rot immunity, AC +5
a: Heroism, Renounce Religion


You were on level 6 of the Dungeon.
You worshipped Okawaru.
Okawaru was most pleased with you.
You were not hungry.

You visited 2 branches of the dungeon, and saw 7 of its levels.

You collected 284 gold pieces.

Inventory:

Hand Weapons
 a - a +0 flail
 l - a +0 whip
 D - a +1 whip of flaming (weapon)
Missiles
 h - a throwing net (quivered)
Armour
 c - a +1 shield (worn)
 o - a +0 pair of gloves (worn)
 x - a +0 chain mail (worn)
 B - a +1 cloak (worn)
Jewellery
 y - a ring of ice (left hand)
Wands
 b - a wand of flame (23/48)
 z - a wand of digging (9/24)
 C - a wand of slowing (13/48)
Scrolls
 j - 3 scrolls of remove curse
 m - 2 scrolls of blinking
 r - a scroll of random uselessness
 s - a scroll of recharging
 t - 2 scrolls of teleportation
Potions
 d - a potion of might
 e - 2 potions of agility {unknown}
 k - a potion of haste {unknown}
 n - 3 potions of cure mutation
 p - a potion of lignification {unknown}
 q - 3 potions of curing {unknown}
 u - a potion of berserk rage {unknown}
 v - a potion of flight {unknown}
 E - a potion of degeneration {unknown}
 F - a potion of heal wounds {unknown}
Books
 A - a book of Minor Magic

   Spells                             Type                      Level
   a - Magic Dart                     Conjuration                  1
   b - Blink                          Translocation                2
   c - Call Imp                       Summoning                    2
   d - Repel Missiles                 Charms/Air                   2
   e - Slow                           Hexes                        2
   f - Conjure Flame                  Conjuration/Fire             3
   g - Mephitic Cloud                 Conjuration/Poison/Air       3
Comestibles
 f - 6 bread rations
 g - a slice of pizza
 i - 6 fruits
 w - a beef jerky


   Skills:
 * Level 7.3 Fighting
 * Level 6.4 Maces & Flails
 + Level 5.9 Armour
 + Level 5.6 Shields


You had 7 spell levels left.
You didn't know any spells.

Dungeon Overview and Level Annotations

Branches:
Dungeon (6/15)             Temple (1/1) D:5

Altars:
Ashenzari
Cheibriados
Dithmenos
Gozag
Hepliaklqana
Kikubaaqudgha
Makhleb
Nemelex Xobeh
Okawaru
Qazlal
Ru
Sif Muna
Trog
Uskayaw
Vehumet
Xom
Yredelemnul
Zin
The Shining One


Innate Abilities, Weirdness & Mutations

You are resistant to torment.
Your stone body is resilient. (AC +5)
You are immune to poison.
You resist negative energy. (rN+)
You are resistant to electric shocks. (rElec)
You can survive without breathing.
You are immune to petrification.
You are immune to rotting.


Message History

You hit the orc warrior but do no damage.
The orc warrior is lightly wounded.
You block the orc warrior's attack. You block the orc's attack. x2
You hit the orc warrior but do no damage.
The orc warrior is lightly wounded.
The orc warrior hits you with a glaive!
* * * LOW HITPOINT WARNING * * *
You block the orc's attack.
You closely miss the orc warrior.
The orc warrior is lightly wounded.
You block the orc's attack. The orc warrior hits you with a glaive.
* * * LOW HITPOINT WARNING * * *
You block the orc's attack.
You closely miss the orc warrior.
The orc warrior is lightly wounded.
The orc hits you but does no damage.
You hit the orc warrior but do no damage.
The orc warrior is lightly wounded.
The orc hits you.
You die...

......# #.....##
#......##
#.>..<...
##.....#..
......... #
###oo...# #.
.####..@o...##
...
......#.##...##
.......[.(......#
#.######........
#.....(.........
####(#))(.......
#####.##.##......
#######.....##.#
....#.
#......<..####.#
.##.#


You could see an orc warrior and 2 orcs.

Vanquished Creatures
  Pikel (D:4)
  Sigmund (D:5)
  An ogre (D:5)
  2 centaurs (D:6)
  A bullfrog (D:6)
  A scorpion (D:6)
  A crimson imp (D:5)
  Crazy Yiuf (D:3)
  2 orc wizards (D:4)
  An orc priest (D:4)
  An iguana (D:4)
  Natasha (thrice) (D:3)
  3 worker ants
  Robin (D:2)
  3 gnolls (D:2)
  7 adders
  2 oozes
  An adder skeleton (D:4)
  3 worms
  3 dart slugs
  6 leopard geckos
  13 orcs
  6 bats
  A giant cockroach (D:2)
  18 goblins
  8 hobgoblins
  3 jackals (D:2)
  2 quokkas
  4 ball pythons
  A ball python skeleton (D:4)
  5 frilled lizards
  11 kobolds
  7 rats
124 creatures vanquished.

Vanquished Creatures (others)
  A slave (D:4)
  A scorpion (D:4)
  An orc priest (D:4)
  An orc wizard (D:4)
  A centaur skeleton (D:4)
  An adder (D:4)
  2 orcs (D:4)
  A quokka (D:4)
9 creatures vanquished.

Grand Total: 133 creatures vanquished

Notes
Turn   | Place    | Note
-------+----------+-------------------------------------------
     0 | D:1      | Firecrotchwizard the Gargoyle Fighter began the quest for the Orb.
     0 | D:1      | Reached XP level 1. HP: 14/14 MP: 1/1
   175 | D:1      | Reached XP level 2. HP: 19/19 MP: 2/2
   543 | D:1      | Reached XP level 3. HP: 22/23 MP: 3/3
  1021 | D:2      | Found a faded altar of an unknown god.
  1075 | D:2      | Found an iron altar of Okawaru.
  1084 | D:2      | Became a worshipper of Warmaster Okawaru
  1234 | D:2      | Reached XP level 4. HP: 16/29 MP: 4/4
  1465 | D:2      | Noticed Robin
  1510 | D:2      | Reached skill level 4 in Fighting
  1523 | D:2      | Killed Robin
  1543 | D:2      | Reached XP level 5. HP: 5/33 MP: 5/5
  2167 | D:2      | Found a shattered altar of Ashenzari.
  2360 | D:3      | Found a radiant altar of Vehumet.
  2361 | D:3      | Found a hazy altar of Hepliaklqana.
  2364 | D:3      | Found a glowing golden altar of the Shining One.
  2399 | D:3      | Found a shadowy altar of Dithmenos.
  2583 | D:3      | Noticed Natasha
  2616 | D:3      | Killed Natasha
  2616 | D:3      | Reached * piety under Okawaru
  2809 | D:3      | Noticed Natasha
  2815 | D:3      | Killed Natasha
  2815 | D:3      | Reached XP level 6. HP: 39/39 MP: 6/6
  2900 | D:3      | Found a runed door.
  2904 | D:3      | Noticed Crazy Yiuf
  2922 | D:3      | Killed Crazy Yiuf
  3199 | D:3      | Noticed Natasha
  3226 | D:3      | Killed Natasha
  3551 | D:3      | Found a snail-covered altar of Cheibriados.
  3627 | D:4      | Noticed Pikel
  3627 | D:4      | Noticed a slave
  3627 | D:4      | Noticed a slave
  3627 | D:4      | Noticed a slave
  3629 | D:4      | Noticed a slave
  3630 | D:4      | Found an ancient bone altar of Kikubaaqudgha.
  3648 | D:4      | HP: 2/40 [slave[Pikel] (1)]
  3650 | D:4      | Killed Pikel
  3650 | D:4      | Reached ** piety under Okawaru
  3650 | D:4      | Reached skill level 5 in Fighting
  3650 | D:4      | Reached skill level 5 in Maces & Flails
  3650 | D:4      | Reached skill level 5 in Armour
  3650 | D:4      | Reached XP level 7. HP: 3/45 MP: 4/7
  3951 | D:4      | Reached skill level 6 in Fighting
  3974 | D:4      | Reached skill level 5 in Shields
  4043 | D:4      | Reached *** piety under Okawaru
  4173 | D:4      | Reached XP level 8. HP: 42/51 MP: 8/8
  4714 | D:5      | Entered Level 5 of the Dungeon
  4795 | D:5      | Found a staircase to the Ecumenical Temple.
  4804 | Temple   | Entered the Ecumenical Temple
  5284 | D:5      | Noticed Sigmund
  5299 | D:5      | Killed Sigmund
  5773 | D:6      | Reached skill level 7 in Fighting
  5902 | D:6      | HP: 1/53 [orc warrior/glaive (2)]
  5904 | D:6      | Slain by an orc

Skill      XL: |  1  2  3  4  5  6  7  8 |
---------------+-------------------------+-----
Armour         | 4 5 |  5.9
Maces & Flails | 3 5 6 |  6.4
Fighting       | 4 5 6 7 |  7.3
Shields        | 4 5 |  5.6

Action                   |  1- 3 |  4- 6 |  7- 9 || total
-------------------------+-------+-------+-------++-------
Melee: Flail             |   104 |       |       ||   104
       Whip              |    82 |   382 |   197 ||   661
Invok: Heroism           |       |     1 |       ||     1
  Use: Potion            |       |     1 |       ||     1
       Scroll            |       |       |     9 ||     9
 Stab: Distracted        |       |     1 |       ||     1
       Invisible         |       |     1 |       ||     1
  Eat: Chunk             |     1 |     6 |     3 ||    10
       Fruit             |       |     1 |       ||     1
       Beef jerky        |       |     1 |     1 ||     2
       Meat ration       |       |       |     1 ||     1
Armor: Scale mail        |   110 |   103 |       ||   213
       Chain mail        |       |   131 |   103 ||   234
Dodge: Dodged            |    56 |    92 |    42 ||   190
Block: Shield            |    88 |   173 |    97 ||   358
